AoeStats
← Hoya Lacunosa Amarillo

Black Forest

505948218Analyzed
4v4 RM · 19d ago on Sep 11, 2026· 52m 11s· 8 players
Game mode
Random Map
Map size
Large (8 player)
Population
200
Speed
Normal
Resources
Standard
Victory
Conquest
Starting age
Dark Age
Ending age
Imperial Age
RankedLock teamsTeams togetherTeam positionsShared explorationLock speedFull tech treeHidden civsTurbo modeCheats
Victory
Defeat
🇹🇷 Japanese · Türkiye
1532
+10
🇪🇨 Bohemians · Ecuador
1409
+15
🇹🇷 Berbers · Türkiye
1390
+16
🇹🇷 Lithuanians · Türkiye
1365
+17
🇫🇮 Khmer · Finland
1502
-19
🇩🇪 Koreans · Germany
1359
-13
1359
-13
🇨🇳 Cumans · China
1356
-13
mRt_Khan
11:31 Feudal Age
15:48 Castle Age
14:10 Double-Bit Axe
15:02 Fishing Lines
16:42 Bow Saw
17:32 Gillnets
18:28 Horse Collar
19:30 Wheelbarrow
22:55 Gold Mining
22:56 Stone Mining
23:59 Heavy Plow
24:23 Loom
24:53 Hand Cart
28:19 Imperial Age
26:36 Gold Shaft Mining
27:10 Scale Mail Armor
27:20 Forging
28:25 Chain Mail Armor
28:13 Town Watch
29:20 Iron Casting
28:54 Gambesons
29:10 Squires
28:55 Arson
30:16 Two-Man Saw
30:04 Conscription
29:05 Elite Samurai
30:55 Plate Mail Armor
30:16 Fletching
31:56 Blast Furnace
31:07 Fletching
31:25 Guard Tower
31:21 Arrowslits
31:56 Yasama
32:32 Ballistics
32:23 Masonry
33:20 Keep
33:48 Chemistry
32:59 Treadmill Crane
33:29 Siege Engineers
34:15 Bodkin Arrow
35:05 Kataparuto
35:21 Hoardings
34:57 Town Patrol
34:59 Bracer
35:59 Parthian Tactics
35:39 Thumb Ring
34:55 Elite Genitour
36:29 Murder Holes
38:27 Coinage
37:58 Caravan
40:08 Banking
Hakan
6:07 Loom
11:53 Feudal Age
13:49 Double-Bit Axe
16:12 Castle Age
14:58 Horse Collar
19:54 Wheelbarrow
22:33 Heavy Plow
22:44 Fishing Lines
24:47 Stone Mining
25:15 Bow Saw
26:55 Hand Cart
27:26 Town Watch
27:45 Gillnets
30:50 Imperial Age
28:34 Gold Mining
29:44 Stone Shaft Mining
30:06 Forging
30:01 Scale Barding Armor
31:23 Iron Casting
31:21 Elite Leitis
32:21 Conscription
32:29 Chain Barding Armor
33:25 Coinage
32:55 Caravan
33:07 Guilds
33:35 Husbandry
33:46 Bloodlines
33:49 Fletching
34:35 Plate Barding Armor
36:16 Tower Shields
36:17 Hill Forts
43:17 Banking
48:56 Bodkin Arrow
49:02 Padded Archer Armor
49:25 Ballistics
49:01 Murder Holes
50:08 Chemistry
TİNER
0:53 Loom
11:57 Feudal Age
16:18 Castle Age
14:22 Double-Bit Axe
14:35 Horse Collar
15:30 Stone Mining
17:51 Bow Saw
23:09 Fishing Lines
25:49 Wheelbarrow
26:40 Gold Mining
27:25 Stone Shaft Mining
29:54 Imperial Age
27:56 Heavy Plow
27:55 Town Watch
28:16 Gillnets
29:10 Hand Cart
30:20 Gold Shaft Mining
30:02 Masonry
30:26 Kasbah
31:01 Conscription
31:31 Siege Engineers
32:54 Chemistry
33:03 Town Patrol
33:51 Ballistics
33:29 Fletching
33:40 Padded Archer Armor
33:46 Scale Barding Armor
34:01 Thumb Ring
34:19 Maghrebi Camels
34:38 Elite Genitour
35:46 Bodkin Arrow
36:06 Leather Archer Armor
37:26 Bracer
37:56 Ring Archer Armor
37:47 Chain Barding Armor
38:47 Crop Rotation
39:24 Forging
41:37 Hoardings
46:24 Bloodlines
45:34 Light Cavalry
46:15 Husbandry
45:46 Elite Camel Archer
47:14 Hussar
49:28 Plate Barding Armor
51:20 Iron Casting
Maty
0:45 Loom
13:38 Feudal Age
14:27 Double-Bit Axe
17:36 Castle Age
16:18 Horse Collar
18:41 Bow Saw
21:06 Heavy Plow
23:48 Wheelbarrow
23:14 Town Watch
24:14 Medium Warships
23:45 Fishing Lines
24:24 Gillnets
25:33 Hand Cart
30:08 Imperial Age
28:58 Chemistry
29:19 Scale Mail Armor
29:34 Masonry
29:30 Man-at-Arms
29:31 Pikeman
30:12 Squires
30:32 Chain Mail Armor
30:34 Treadmill Crane
30:19 Houfnice
31:48 Town Patrol
32:31 Wagenburg Tactics
32:48 Conscription
31:49 Halberdier
34:30 Two-Man Saw
33:53 Ballistics
33:40 Siege Engineers
33:59 Ballistics
34:09 Architecture
33:53 Forging
35:44 Plate Mail Armor
35:49 Iron Casting
35:13 Murder Holes
40:55 Blast Furnace
42:08 Onager
43:08 Caravan
43:39 Coinage
43:20 Guilds
Hoya Lacunosa Amarillo
11:58 Feudal Age
13:30 Double-Bit Axe
16:01 Castle Age
16:44 Fishing Lines
17:44 Wheelbarrow
16:57 Town Watch
16:57 Loom
17:30 Bow Saw
17:54 Gillnets
18:27 Loom
21:55 Gold Mining
23:38 Stone Mining
28:47 Imperial Age
26:15 Fletching
27:29 Hand Cart
28:19 Ballistics
27:41 Treadmill Crane
27:58 Bodkin Arrow
28:04 Padded Archer Armor
29:19 Stone Shaft Mining
29:14 Town Patrol
29:31 Elite Rattan Archer
30:49 Bracer
31:14 Leather Archer Armor
31:48 Paper Money
32:55 Ring Archer Armor
33:05 Siege Engineers
33:44 Caravan
34:19 Thumb Ring
35:20 Chemistry
36:06 Two-Man Saw
34:47 Horse Collar
35:13 Murder Holes
35:29 Fortified Wall
36:22 Guilds
36:42 Coinage
38:33 Hoardings
38:00 Chatras
37:32 Sappers
39:13 Banking
41:19 Scale Barding Armor
41:24 Forging
44:26 Elite Skirmisher
45:25 Imperial Skirmisher
49:11 Chain Barding Armor
49:26 Iron Casting
51:29 Plate Barding Armor
51:38 Bloodlines
51:29 Husbandry
50:50 Elite Battle Elephant
Rusted From The Rain
0:39 Loom
13:08 Feudal Age
13:30 Horse Collar
18:40 Castle Age
16:46 Double-Bit Axe
20:01 Bow Saw
21:54 Heavy Plow
23:53 Wheelbarrow
23:34 Town Watch
25:30 Gold Mining
25:31 Stone Mining
28:58 Fletching
31:46 Imperial Age
30:23 Fletching
30:55 Masonry
32:47 Bodkin Arrow
32:52 Scale Mail Armor
33:02 Forging
33:29 Squires
33:14 Arson
32:49 Pikeman
35:18 Chemistry
34:48 Conscription
34:03 Heavy Rocket Cart
35:00 Chain Mail Armor
35:20 Iron Casting
34:46 Bracer
35:25 Shinkichon
34:51 Halberdier
36:32 Plate Mail Armor
35:49 Gambesons
35:52 Treadmill Crane
36:53 Elite Fire Lancer
38:42 Caravan
39:16 Siege Engineers
41:55 Architecture
44:24 Hand Cart
45:13 Two-Man Saw
梅子雨
7:13 Loom
9:22 Feudal Age
10:22 Double-Bit Axe
12:56 Fishing Lines
13:47 Horse Collar
19:00 Wheelbarrow
23:19 Castle Age
22:46 Gold Mining
24:33 Stone Mining
25:20 Gold Shaft Mining
24:52 Gillnets
25:43 Hand Cart
26:23 Bow Saw
26:40 Town Watch
30:02 Imperial Age
28:37 Fletching
28:48 Padded Archer Armor
29:21 Bodkin Arrow
29:49 Ballistics
30:35 Scale Barding Armor
30:40 Forging
30:44 Bloodlines
31:06 Conscription
30:23 Cavalier
31:30 Heavy Plow
32:33 Two-Man Saw
32:19 Chain Barding Armor
33:12 Iron Casting
32:56 Caravan
32:36 Paladin
35:36 Plate Barding Armor
36:03 Blast Furnace
35:55 Crop Rotation
40:37 Guilds
41:02 Bodkin Arrow
42:08 Chemistry
41:29 Ballistics
48:28 Light Cavalry
51:12 Elite Kipchak
Seve
0:38 Loom
11:20 Feudal Age
15:42 Castle Age
14:08 Double-Bit Axe
15:32 Fishing Lines
18:42 Gillnets
22:58 Horse Collar
23:32 Stone Mining
23:33 Gold Mining
24:08 Bow Saw
25:43 Wheelbarrow
25:50 Gold Shaft Mining
25:50 Stone Shaft Mining
26:01 Stone Shaft Mining
29:57 Imperial Age
28:18 Fletching
28:29 Padded Archer Armor
28:52 Hand Cart
28:59 Bodkin Arrow
29:29 Ballistics
29:20 Masonry
30:28 Husbandry
30:38 Bloodlines
31:06 Conscription
31:34 Elite Ballista Elephant
32:34 Bracer
34:03 Chemistry
33:49 Double Crossbow
35:07 Scale Barding Armor
35:18 Leather Archer Armor
36:39 Elite Battle Elephant
38:32 Ring Archer Armor
38:22 Chain Barding Armor
45:35 Light Cavalry
47:09 Elite Skirmisher
47:32 Crossbowman
48:21 Imperial Skirmisher
51:47 Scale Mail Armor
51:59 Forging
Connection lost

Rejoining the realm…

Still unreachable

The connection could not be restored.

Session expired

The server has moved on; the page needs a fresh start.